Map: Tours du crépuscule

Players

DIMAGA - Winner!

  • Race: Zerg Zerg
  • League: Platinum

MelloW (Nina)

  • Race: Protoss Protoss
  • League: Grandmaster

Event: NationWars III

VOD

Have the link to the VOD?

Description

Time

  • Played on: Nov. 19, 2015, 5:42 p.m.
  • Length: 14:46
Show
View Real Time Build Order
Export as new Build Order

DIMAGA Zerg - Winner!

Build Orders: Hatch First, Lurkers 

Get SALT Encoding   

  12  0:00  Drone  
  13  0:12  Overlord  
  13  0:17  Drone  
  14  0:23  Drone, Extractor  
  15  0:31  Drone  
  15  0:34  Drone  
  17  0:52  Hatchery  
  17  0:55  Drone  
  17  0:58  Drone  
  18  1:11  Spawning Pool  
  18  1:15  Drone  
  18  1:17  Drone  
  19  1:28  Drone  
  20  1:41  Hatchery  
  19  1:58  Queen  
  19  1:59  Zergling x2  
  22  2:04  Queen  
  22  2:05  Drone  
  25  2:09  Overlord  
  25  2:13  Drone  
  25  2:15  Drone  
  27  2:21  Drone  
  28  2:33  Drone x3  
  31  2:38  Queen  
  31  2:41  Overlord  
  33  2:47  Drone x2  
  35  2:55  Drone x2  
  37  2:58  Queen  
  37  2:59  Overlord  
  37  3:05  Drone x2, Extractor  
  40  3:06  Extractor  
  39  3:13  Zergling x4  
  39  3:14  Zergling x4  
  39  3:15  Drone  
  39  3:19  Drone x2  
  46  3:25  Drone x3  
  49  3:36  Overlord  
  49  3:39  Drone x3  
  51  3:51  Metabolic Boost  
  51  3:54  Drone x2, Roach Warren  
  51  3:55  Drone x5  
  57  4:00  Overlord  
  57  4:10  Lair, Extractor  
  57  4:11  Extractor  
  57  4:12  Drone x5  
  60  4:25  Drone x8  
  60  4:31  Extractor  
  67  4:39  Drone x6  
  73  4:49  Overlord x4  
  73  4:50  Overlord  
  73  5:09  Roach x9  
  73  5:10  Glial Reconstitution  
  91  5:15  Roach x3  
  97  5:21  Overlord x2  
  97  5:25  Roach x4  
  105  5:30  Overlord  
  103  5:46  Overlord x2  
  103  5:54  Overlord x2  
  103  5:58  Ravager x9  
  103  6:00  Zergling x26  
  125  6:08  Overlord  
  125  6:16  Roach  
  125  6:17  Roach x2  
  129  6:28  Ravager x4  
  129  6:29  Zergling x2  
  129  6:30  Zergling x20  
  144  6:44  Zergling x6  
  147  6:51  Zergling x2  
  147  6:52  Hatchery, Zergling x2  
  147  6:57  Hydralisk Den  
  147  6:59  Zergling x20  
  155  7:06  Zergling x4  
  157  7:10  Zergling x2  
  157  7:14  Ravager x2  
  157  7:15  Roach  
  140  7:30  Zergling x24  
  145  7:38  Zergling x4  
  145  7:40  Zergling x2  
  141  7:46  Lurker Den  
  141  7:49  Hydralisk Den  
  140  7:52  Drone  
  140  7:53  Drone x2  
  140  7:57  Spire  
  142  8:09  Hatchery  
  142  8:11  Extractor  
  140  8:13  Overlord x2  
  140  8:15  Drone x3, Extractor  
  140  8:16  Drone  
  140  8:17  Drone x3, Hydralisk x5, Extractor  
  153  8:30  Overlord  
  153  8:32  Pneumatized Carapace, Overseer  
  153  8:35  Drone x3, Hydralisk  
  153  8:36  Hydralisk x2  
  162  8:47  Muscular Augments  
  162  8:53  Spine Crawler  
  162  8:55  Spore Crawler, Hydralisk x10  
  180  9:04  Spore Crawler  
  180  9:06  Spine Crawler, Hydralisk  
  180  9:08  Spine Crawler, Overseer  
  180  9:09  Overseer  
  179  9:12  Lurker x3  
  179  9:14  Hydralisk  
  179  9:16  Spore Crawler  
  183  9:20  Spine Crawler  
  182  9:25  Overlord  
  182  9:26  Overlord  
  182  9:43  Hydralisk x3  
  182  9:45  Lurker  
  189  9:46  Lurker x3  
  189  9:48  Zerg Flyer Weapons Level 1  
  192  9:53  Overlord  
  192  9:54  Overlord  
  192  9:57  Lurker x2  
  194  10:05  Spore Crawler  
  194  10:06  Spine Crawler  
  192  10:08  Spine Crawler x2  
  156  10:52  Hydralisk x11  
  156  10:53  Hydralisk x4  
  179  10:59  Zergling x6  
  172  11:10  Mutalisk  
  172  11:11  Mutalisk x3  
  154  11:21  Drone x5  
  148  11:29  Mutalisk x3  
  154  11:35  Mutalisk  
  153  11:48  Mutalisk  
  153  11:49  Mutalisk x4  
  159  12:03  Mutalisk x5  
  166  12:10  Lurker x2  
  166  12:11  Lurker  
  159  12:18  Mutalisk x2  
  161  12:23  Lurker  
  161  12:26  Mutalisk  
  164  12:32  Mutalisk  
  150  12:45  Mutalisk  
  150  12:46  Mutalisk x2  
  153  12:53  Lurker  
  153  12:55  Zergling x2  
  153  12:56  Zergling x4  
  153  12:57  Zergling x20  
  151  13:23  Hatchery  
  151  13:25  Hydralisk x3  
  149  13:27  Roach x2  
  149  13:28  Roach x5  
  149  13:33  Hydralisk x2  
  159  13:38  Lurker  
  159  13:39  Lurker x3  
  165  13:51  Zergling x4  
  124  14:17  Zergling x24  
  123  14:29  Zergling x4  
  125  14:33  Overseer x2  
Show
View Real Time Build Order
Export as new Build Order

MelloW Protoss 

Build Orders: Nexus First 

Get SALT Encoding   

  12  0:01  Probe (Chrono Boost)  
  13  0:11  Probe (Chrono Boost)  
  14  0:19  Pylon  
  14  0:22  Probe (Chrono Boost)  
  15  0:38  Probe (Chrono Boost)  
  16  0:48  Probe (Chrono Boost)  
  17  0:57  Nexus  
  17  1:00  Probe (Chrono Boost)  
  18  1:11  Gateway  
  18  1:12  Probe (Chrono Boost)  
  19  1:19  Assimilator  
  19  1:23  Probe (Chrono Boost)  
  20  1:27  Assimilator  
  20  1:34  Probe (Chrono Boost)  
  20  1:37  Pylon  
  21  1:44  Probe (Chrono Boost)  
  22  1:55  Probe (Chrono Boost)  
  22  2:01  Cybernetics Core  
  23  2:03  Gateway  
  23  2:06  Probe (Chrono Boost)  
  24  2:10  Probe (Chrono Boost)  
  25  2:17  Probe (Chrono Boost)  
  25  2:20  Probe (Chrono Boost)  
  27  2:27  Probe (Chrono Boost)  
  28  2:30  Probe (Chrono Boost)  
  29  2:37  Probe (Chrono Boost)  
  29  2:38  Adept (Chrono Boost)  
  29  2:39  Warp Gate  
  29  2:41  Mothership Core  
  34  2:49  Probe  
  37  2:51  Adept (Chrono Boost)  
  37  3:01  Probe  
  37  3:02  Probe  
  39  3:14  Probe x2  
  41  3:26  Probe (Chrono Boost), Pylon  
  41  3:27  Probe (Chrono Boost)  
  43  3:29  Nexus  
  43  3:32  Sentry (Chrono Boost)  
  45  3:37  Probe (Chrono Boost)  
  46  3:43  Stalker  
  46  3:44  Probe (Chrono Boost)  
  46  3:47  Twilight Council  
  46  3:48  Probe (Chrono Boost)  
  50  3:54  Probe (Chrono Boost)  
  51  3:58  Probe (Chrono Boost)  
  51  4:02  Gateway  
  52  4:05  Probe (Chrono Boost)  
  53  4:11  Pylon  
  53  4:14  Gateway  
  53  4:17  Pylon  
  53  4:21  Probe (Chrono Boost)  
  53  4:22  Gateway  
  53  4:24  Blink (Chrono Boost)  
  54  4:28  Probe  
  54  4:31  Gateway  
  55  4:33  Gateway  
  55  4:37  Gateway  
  55  4:40  Probe  
  55  4:41  Probe  
  55  4:45  Phoenix  
  57  4:47  Pylon  
  57  4:49  Pylon  
  57  4:52  Probe  
  58  4:57  Stalker x2  
  58  4:58  Probe  
  63  5:02  Probe, Assimilator  
  63  5:03  Assimilator  
  64  5:14  Probe x2  
  64  5:17  Stalker  
  64  5:20  Probe  
  68  5:24  Probe  
  68  5:26  Robotics Facility  
  70  5:29  Probe  
  70  5:30  Assimilator  
  70  5:34  Assimilator  
  71  5:37  Stalker x3, Probe x2  
  71  5:42  Probe  
  80  5:47  Probe x2  
  80  5:49  Stalker  
  84  5:54  Probe  
  85  5:58  Probe x2  
  85  5:59  Resonating Glaives (Chrono Boost)  
  85  6:01  Stalker x2  
  85  6:02  Stalker  
  92  6:06  Probe  
  92  6:09  Forge  
  93  6:13  Observer (Chrono Boost)  
  93  6:17  Pylon  
  94  6:19  Stalker  
  94  6:20  Stalker, Pylon  
  94  6:25  Robotics Bay  
  98  6:28  Stalker  
  100  6:34  Pylon x2  
  100  6:37  Stalker  
  102  6:41  Stalker x2  
  102  6:45  Warp Prism (Chrono Boost)  
  102  6:46  Protoss Ground Weapons Level 1 (Chrono Boost)  
  108  7:04  Stalker x2, Adept x2  
  108  7:05  Adept x3  
  120  7:11  Adept  
  120  7:13  Pylon  
  118  7:15  Pylon  
  117  7:28  Stalker x4  
  113  7:33  Sentry  
  113  7:34  Sentry  
  113  7:35  Robotics Facility  
  108  7:42  Sentry x2  
  100  7:49  Cybernetics Core  
  99  7:56  Pylon  
  99  8:08  Pylon  
  99  8:10  Nexus  
  97  8:22  Robotics Facility  
  95  8:28  Protoss Ground Weapons Level 2 (Chrono Boost)  
  95  8:30  Pylon x2  
  95  8:40  Pylon  
  95  8:45  Disruptor (Chrono Boost)  
  98  8:50  Dark Shrine  
  98  8:57  Stalker  
  100  9:07  Stalker x2  
  107  9:10  Disruptor (Chrono Boost)  
  107  9:29  Disruptor (Chrono Boost)  
  107  9:31  Assimilator  
  110  9:34  Gravitic Drive, Assimilator  
  110  9:40  Photon Cannon  
  110  9:43  Adept x3  
  110  9:44  Adept x2  
  123  9:47  Disruptor (Chrono Boost)  
  123  10:00  Disruptor (Chrono Boost)  
  123  10:05  Nexus  
  126  10:15  Pylon  
  126  10:16  Dark Templar x2, Pylon  
  126  10:19  Pylon  
  126  10:21  Dark Templar  
  132  10:32  Assimilator  
  133  10:36  Assimilator  
  133  10:38  Disruptor x2 (Chrono Boost)  
  133  10:41  Photon Cannon  
  106  11:09  Disruptor (Chrono Boost)  
  109  11:13  Disruptor (Chrono Boost)  
  89  11:27  Stalker x2  
  89  11:28  Stalker x4  
  89  11:29  Mothership Core  
  103  11:34  Pylon  
  103  11:37  Pylon  
  103  11:39  Pylon  
  103  11:41  Observer (Chrono Boost)  
  102  11:56  Dark Templar x3  
  108  12:14  Disruptor (Chrono Boost)  
  111  12:16  Stalker x2  
  111  12:17  Stalker  
  111  12:20  Stalker  
  118  12:26  Archon  
  118  12:29  Stalker  
  120  12:30  Stalker x2  
  109  12:52  Stalker x4  
  109  12:53  Stalker x2  
  119  13:02  Stalker  
  121  13:06  Photon Cannon  
  121  13:07  Photon Cannon  
  121  13:08  Photon Cannon  
  121  13:10  Observer (Chrono Boost)  
  122  13:17  Stalker x5  
  119  13:32  Stalker x2  
  114  13:39  Mothership Core  
  107  13:43  Stalker  
  107  13:44  Stalker x2  
  69  14:21  Probe  
  49  14:31  Probe  
Tags
 
Add a new tag
Caveats
  • Supply blocks, unpowered buildings, or Contaminate may cause inaccurate times.
  • Supply counts are checked every 10 seconds.